 Dungeon Crawl Stone Soup version 0.26-a0-708-g17f3b190f9 (webtiles) character file.

Game seed: 16762635212439307160

31 LufLufFighter the Ruffian (level 3, -5/28 HPs)
             Began as a Draconian Transmuter on Oct 30, 2020.
             Slain by Sigmund
             ... wielding a +0 scythe
              (13 damage)
             ... on level 2 of the Dungeon.
             The game lasted 00:01:58 (1187 turns).

LufLufFighter the Ruffian (Draconian Transmuter)    Turns: 1187, Time: 00:01:59

Health: -5/28      AC:  2    Str: 13    XL:     3   Next: 7%
Magic:  4/7        EV: 19    Int: 13    God:
Gold:   121        SH:  0    Dex: 16    Spells: 1/7 levels left

rFire    . . .     SeeInvis .     - Unarmed
rCold    . . .     Faith    .   (shield currently unavailable)
rNeg     . . .     Spirit   .   (armour unavailable)
rPois    x         Reflect  .   (helmet currently unavailable)
rElec    .         Harm     .   (cloak currently unavailable)
rCorr    .         Rampage  .   (gloves currently unavailable)
MR       +....                  (boots currently unavailable)
Stlth    +.........             (no amulet)
HPRegen  0.09/turn              c - ring of protection from magic
MPRegen  0.10/turn              (no ring)

@: spider-form (expiring)
A: tiny, unfitting armour, AC +5
a: End Transformation


You were on level 2 of the Dungeon.
You were a venomous arachnid creature.
You visited 1 branch of the dungeon, and saw 2 of its levels.

You collected 121 gold pieces.

Inventory:

Missiles
 a - 2 stones (quivered)
Jewellery
 c - a ring of protection from magic (left front leg)
 d - an uncursed amulet of magic regeneration {unknown}
Scrolls
 b - 3 scrolls of remove curse {unknown}
 e - a scroll of fog {unknown}
 h - a scroll of enchant armour {unknown}
 j - a scroll of teleportation {unknown}
Potions
 f - a potion of brilliance {unknown}
 g - a potion of curing {unknown}
 i - a potion of lignification {unknown}


   Skills:
 - Level 1.1 Fighting
 - Level 1.7 Dodging
 - Level 3.0 Unarmed Combat
 * Level 2.8 Spellcasting
 * Level 2.8 Transmutations


You had one spell level left.
You knew the following spells:

 Your Spells              Type           Power        Failure   Level
a - Beastly Appendage     Tmut           #.....       21%         1
b - Wereblood             Tmut           #.......     26%         2
c - Spider Form           Tmut/Pois      #.........   58%         3

Your spell library contained the following spells:

 Spells                   Type           Power        Failure   Level
 Ice Form                 Ice/Tmut       #.......     91%         4
 Blade Hands              Tmut           #.........   97%         5


Dungeon Overview and Level Annotations

Branches:
Dungeon (2/15)

Altars:

Annotations:
D:2 Sigmund


Innate Abilities, Weirdness & Mutations

((Your plain brown scales are hard. (AC +5)))
You cannot fit into any form of body armour.
((You are cold-blooded and may be slowed by cold attacks.))


Message History

Sigmund is lightly wounded.
Sigmund closely misses you.
You barely miss Sigmund.
Sigmund is lightly wounded.
You hit Sigmund.
Sigmund looks as sick as possible!
Sigmund is lightly wounded.
Sigmund points at you and mumbles some strange words.
You resist with almost no effort.
You barely miss Sigmund.
Sigmund is lightly wounded.
Sigmund hits you with a +0 scythe!
* * * LOW HITPOINT WARNING * * *
You are too injured to fight recklessly!
You are too injured to fight recklessly!
You are too injured to fight recklessly!
You are too injured to fight recklessly!
You hit Sigmund.
Sigmund looks as sick as possible!
Sigmund is heavily wounded.
Sigmund hits you with a +0 scythe!
You die...

....^...>..........
................
................
..........######
#####...#... ...
.### #...########
..... #...... ..
......#######...#
## #...@s........#
#..#..####.#.##
.........###.#.# #
####...#.....#
#..<#.#.###########
###.#.#....(......#
##.###########.# ..
#.# ## #.#


You could see Sigmund (extremely poisoned).

Vanquished Creatures
  A dart slug (D:1)
  4 bats (D:1)
  3 giant cockroaches (D:1)
  5 goblins
  5 hobgoblins (D:1)
  A frilled lizard (D:2)
  4 kobolds (D:1)
  2 rats (D:1)
25 creatures vanquished.

Notes
Turn   | Place    | Note
-------+----------+-------------------------------------------
     0 | D:1      | LufLufFighter the Draconian Transmuter began the quest for
                  | the Orb.
     0 | D:1      | Reached XP level 1. HP: 16/16 MP: 3/3
   125 | D:1      | Reached XP level 2. HP: 16/23 MP: 3/5
   232 | D:1      | Learned a level 2 spell: Wereblood
   679 | D:1      | Reached XP level 3. HP: 11/28 MP: 7/7
   684 | D:1      | Learned a level 3 spell: Spider Form
  1178 | D:2      | Noticed Sigmund
  1187 | D:2      | Slain by Sigmund

Illustrated notes

Levels and vault maps discovered:
D:1:      mrwooster_arrival_statue_2, layout_loops_cross
D:2:      layout_basic, hangedman_decor_riveting, uniq_sigmund

Action                   || total
-------------------------++-------
Melee: Unarmed           ||    64
       Headbutt          ||     6
       Kick              ||    11
       Tailslap          ||     4
       Punch             ||     1
 Cast: Beastly Appendage ||    15
       Spider Form       ||     1
 Stab: Sleeping          ||     1
Armor: Skin              ||    18
Dodge: Dodged            ||    53

Table legend: (Time is in decaauts)
 A = Elapsed time spent in this place.
 B = Non-inter-level travel time spent in this place.
 C = Inter-level travel time spent in this place.
 D = Time resting spent in this place.
 E = Time spent auto-exploring this place.
 F = Levels seen in this place.
 G = Mean time per level.
                   A        B        C        D        E       F      G
               +--------+--------+--------+--------+--------+-----+--------+
         Total |   1183 |   1163 |     20 |      0 |    997 |   2 |  591.5 |
       Dungeon |   1183 |   1163 |     20 |      0 |    997 |   2 |  591.5 |
               +--------+--------+--------+--------+--------+-----+--------+

Top non-repeatable levels by time:
     D:1: 1054 daAuts
     D:2: 128 daAuts
